[Event "33rd ECCC Open 2017"]
[Site "Antalya"]
[Date "2017.10.12"]
[Round "5"]
[White "Mihajlov, Sebastian"]
[Black "Kvisvik, Brede"]
[Result "1-0"]
[ECO "A48"]
[WhiteElo "2393"]
[BlackElo "2296"]
[Annotator "NA"]
[PlyCount "91"]
[EventType "team-tourn"]
[EventCountry "TUR"]
[SourceTitle "playchess.com"]
[Source "ChessBase"]
[SourceQuality "1"]
[WhiteTeam "Oslo"]
[BlackTeam "Valerenga"]
[TimeControl "40/5400+30:1800+30"]

1. d4 d5 2. Nf3 Nf6 3. e3 c5 4. Bd3 Nc6 5. O-O g6 6. b3 cxd4 7. exd4 Bg7 8. Bb2 O-O 9. Nbd2 {[%emt 0:00:30] A48: 1 d4 Nf6 2 Nf3 g6: Torre, London and Colle Systems} (9. Re1 Bg4 10. h3 Bxf3 11. Qxf3 Ne4 12. c3 f5 13. Qe2 e5 14. f3 exd4 15. fxe4 fxe4 16. Bb5 Qb6 {0-1 (24) Palm,N (2332)-Edouard,R (2679) Helsingor 2014}) 9... Nb4 10. Be2 Bf5 11. Ne1 a5 $146 ({Predecessor:} 11... Rc8 12. c3 Nc6 13. Bd3 Bg4 14. Be2 Bxe2 15. Qxe2 {0-1 (27) Rojas Keim,L (2397)-Cruz,C (2500) Mollet del Valles 2011}) 12. c3 Nc6 13. Nc2 Bd7 14. a4 Na7 15. Bd3 Re8 16. Re1 Qc7 17. Ne3 Nc6 18. Nf3 Rad8 19. Bb5 e6 20. Rc1 Qb8 21. g3 Ne7 22. Qd3 Ne4 23. c4 Nd6 24. c5 Ne4 25. Ne5 Bc6 26. f3 Nf6 27. Bc3 Qa7 28. Qd2 Ra8 29. N3g4 Nxg4 $14 30. fxg4 Bxe5 31. Rxe5 b6 32. Qf4 Rac8 33. Qf6 Kf8 34. Rxe6 Ng8 35. Rxe8+ Bxe8 36. Qxb6 Qe7 37. Re1 Qg5 38. Qd6+ Kg7 39. Bxe8 Nf6 40. Bb5 Ne4 41. Rxe4 dxe4 42. Qf4 Qe7 43. d5+ Kg8 44. d6 Qa7 45. Qe5 Rxc5 46. Qh8# 1-0

[Event "33rd ECCC Open 2017"]
[Site "Antalya"]
[Date "2017.10.12"]
[Round "5"]
[White "Saraci, Nderim"]
[Black "Thorfinnsson, Bjorn"]
[Result "1-0"]
[ECO "A33"]
[WhiteElo "2393"]
[BlackElo "2398"]
[Annotator "NA"]
[PlyCount "159"]
[EventType "team-tourn"]
[EventCountry "TUR"]
[SourceTitle "playchess.com"]
[Source "ChessBase"]
[SourceQuality "1"]
[WhiteTeam "Hasan Pristina"]
[BlackTeam "Viking"]
[TimeControl "40/5400+30:1800+30"]

1. c4 Nf6 2. Nf3 c5 3. Nc3 Nc6 4. d4 cxd4 5. Nxd4 e6 6. Ndb5 d5 7. cxd5 Nxd5 8. Nxd5 exd5 9. Qxd5 {[%emt 0:10:30] A33: Symmetrical English: 2 Nf3 Nf6 3 d4 cxd4 4 Nxd4 e6 5 Nc3 Nc6} (9. e3 Be7 10. Bd2 a6 11. Nd4 Nxd4 12. exd4 Qb6 13. Bc3 Qg6 14. Qf3 Bg4 15. Qe3 O-O 16. Bd3 f5 {0-1 (57) Handler,L (2398)-Melkumyan,H (2589) Graz 2014}) 9... Bb4+ 10. Bd2 Be6 11. Qxd8+ Rxd8 12. Bc3 O-O 13. e3 a6 14. Na3 $146 ({Predecessor:} 14. a3 Bc5 15. Nd4 Bxd4 16. exd4 Nxd4 {0-1 (40) Incutto,C-Dos Santos,F Olivos 1993}) 14... Bxc3+ 15. bxc3 Ne5 16. Nc2 Nd3+ 17. Bxd3 Rxd3 18. Nd4 Bd5 19. O-O Rc8 20. h3 Kf8 21. a4 Rdxc3 22. Rfd1 R8c5 23. Nf5 g6 24. e4 Bc6 25. Rd8+ Be8 26. Nd6 Rc1+ 27. Rxc1 Rxc1+ 28. Kh2 Ke7 29. Rxe8+ Kxd6 30. Rd8+ Kc7 31. Rf8 Ra1 32. Rxf7+ Kc6 33. Rf6+ Kc5 34. Rf7 b6 35. Rc7+ Kb4 36. e5 Re1 37. Rc6 Ka5 38. f4 Re4 39. Kg3 Rxa4 40. e6 Rd4 41. e7 Re4 42. Rc7 b5 43. Kf3 Re1 44. Rb7 Kb4 45. g4 Kc5 46. f5 gxf5 47. gxf5 Kc6 48. Ra7 Kb6 49. Rxa6+ Kxa6 50. f6 b4 51. f7 Rxe7 52. f8=Q Rb7 53. Ke3 Ka7 54. Qc5+ Kb8 55. Qe5+ Ka8 56. Qe8+ Ka7 57. Qa4+ Kb8 58. Qb3 Re7+ 59. Kd4 Rd7+ 60. Kc5 Rc7+ 61. Kd6 Rb7 62. h4 Ka7 63. Kc6 Rb6+ 64. Kc5 Rb7 65. Kd4 Rd7+ 66. Ke3 Re7+ 67. Kd2 Rd7+ 68. Kc2 Rc7+ 69. Kb2 Rb7 70. Qe3+ Kb8 71. Kb3 Ka8 72. Qe8+ Ka7 73. Qc8 Rb5 74. Ka4 Rb7 75. Ka5 b3 76. Qc5+ Kb8 77. Ka6 Rd7 78. Qe5+ Kc8 79. Kb6 Kd8 80. Qh8+ 1-0

[Event "33rd ECCC Open 2017"]
[Site "Antalya"]
[Date "2017.10.12"]
[Round "5"]
[White "Ashton, Adam G"]
[Black "Bjornsson, Sigurbjorn"]
[Result "1-0"]
[ECO "C54"]
[WhiteElo "2347"]
[BlackElo "2277"]
[Annotator "NA"]
[PlyCount "111"]
[EventType "team-tourn"]
[EventCountry "TUR"]
[SourceTitle "playchess.com"]
[Source "ChessBase"]
[SourceQuality "1"]
[WhiteTeam "3CS Oldham"]
[BlackTeam "Fjolnir"]
[TimeControl "40/5400+30:1800+30"]

1. e4 e5 2. Nf3 Nc6 3. Bc4 Bc5 4. d3 Nf6 5. c3 O-O 6. O-O d6 7. Bb3 Ne7 {[%emt 0:03:30] C54: Giuoco Piano: 4 c3 Nf6, main lines with 5 d4 and 5 d3} (7... a6 8. Nbd2 Ba7 9. h3 Be6 10. Re1 Re8 11. Nf1 h6 12. Bc2 d5 13. exd5 Qxd5 14. Ng3 Rad8 15. Bd2 Qd6 16. Qc1 Nd5 17. d4 exd4 18. Bxh6 Ne3 19. fxe3 d3 {0-1 (35) Ponomariov,R (2709)-Anton Guijarro,D (2650) Tallinn 2016}) 8. Nh4 Bg4 9. Qe1 Qd7 10. Be3 Bb6 11. Nd2 Be6 $146 ({Predecessor:} 11... Ng6 12. Nxg6 hxg6 13. Nc4 Rfe8 14. Nxb6 axb6 15. f3 {½-½ (45) Minor,S (2223)-Naumann,A (2535) Germany 2012}) 12. Nc4 Ng6 13. Nxg6 fxg6 14. f3 Nh5 15. Nxb6 axb6 16. Qd2 h6 17. d4 exd4 18. Qxd4 g5 19. Rfd1 Qf7 20. Bxe6 Qxe6 21. Qd5 Qxd5 22. Rxd5 Nf6 23. Rd4 g4 24. a3 gxf3 25. gxf3 Rae8 26. c4 ({Better is} 26. Rd2 $15) 26... Nd7 27. Rf1 Ne5 28. Kg2 Re6 29. f4 Nc6 30. Kf3 Nxd4+ 31. Bxd4 Re7 32. Rg1 Kh7 33. f5 b5 34. cxb5 d5 35. f6 dxe4+ 36. Ke3 gxf6 37. Bc5 Rff7 38. Bxe7 Rxe7 39. a4 f5 40. Kf4 Rf7 41. a5 c6 {[%emt 0:06:30] [#]} 42. b6 $1 Rd7 43. Kxf5 Rd5+ 44. Kf6 Rd6+ 45. Kf7 Rd7+ 46. Ke6 Rd5 47. b4 Rb5 48. Kf6 e3 49. Rg7+ Kh8 50. Re7 Rxb4 51. Rxe3 Ra4 52. Re5 Kh7 53. h4 Rxh4 54. Re7+ Kg8 $18 55. Rxb7 Ra4 56. Ra7 1-0

[Event "33rd ECCC Open 2017"]
[Site "Antalya"]
[Date "2017.10.12"]
[Round "5"]
[White "Csonka, Attila Istvan"]
[Black "Rositsan, Boris"]
[Result "1-0"]
[ECO "B08"]
[WhiteElo "2347"]
[BlackElo "2087"]
[Annotator "NA"]
[PlyCount "153"]
[EventType "team-tourn"]
[EventCountry "TUR"]
[SourceTitle "playchess.com"]
[Source "ChessBase"]
[SourceQuality "1"]
[WhiteTeam "Dunajska Streda"]
[BlackTeam "MAKABI"]
[TimeControl "40/5400+30:1800+30"]

1. e4 g6 2. d4 Bg7 3. Nf3 d6 4. Bc4 Nf6 5. Qe2 O-O 6. Bb3 Bg4 7. Nc3 c6 8. Bg5 {[%emt 0:05:30] B08: Pirc Defence: Classical System} a5 $146 ({Predecessor:} 8... Qa5 9. Bd2 Qh5 10. O-O-O Nbd7 11. Qe3 c5 12. Ne2 Bxf3 13. gxf3 Rac8 14. c3 cxd4 15. Nxd4 {0-1 (42) Kaplivatski,A (2250)-Zoler,D (2497) Israel 2002}) 9. e5 Bxf3 10. Qxf3 dxe5 11. dxe5 a4 12. Nxa4 Qa5+ 13. Qc3 Ne4 14. Qxa5 Rxa5 15. Bxe7 Re8 16. Bb4 Raxe5 17. O-O b5 18. Nc3 Nd2 19. Bd6 Nxb3 20. axb3 R5e6 21. Bxb8 Rxb8 22. Rfe1 Rxe1+ 23. Rxe1 b4 24. Na4 Rd8 25. Kf1 Rd2 26. Re8+ Bf8 27. c3 Kg7 28. Ke1 Rd6 29. Ke2 Rd5 30. Rc8 Rd6 31. Nc5 Rd5 32. Nd3 c5 33. g4 h5 34. h3 Be7 35. c4 Rd4 36. f3 hxg4 37. hxg4 f5 38. gxf5 gxf5 39. Nxc5 Rh4 40. Nd3 Rh2+ 41. Kf1 Rd2 42. Nf4 Bh4 43. Rc7+ Kg8 44. Rb7 Rf2+ 45. Kg1 Rxf3 46. Nd5 f4 47. Rxb4 Bg3 48. c5 Rd3 49. Nxf4 Rd2 50. c6 Rc2 51. Nd3 Bh2+ 52. Kh1 Bc7 53. Rc4 Rd2 54. Nb4 Rxb2 55. Nd5 Bd6 56. b4 Kf7 57. c7 Bxc7 58. Nxc7 Ke7 59. Kg1 Kd7 60. Nd5 Kd6 61. Nc3 Kd7 62. Kf1 Kd6 63. Ke1 Kd7 64. Kd1 Rh2 65. Kc1 Rg2 66. b5 Rh2 67. b6 Rh1+ 68. Kb2 Rh8 69. Kb3 Rb8 70. Na4 Kd6 71. Kb4 Kd5 72. Kb5 Ra8 73. b7 Rb8 74. Nb6+ Kd6 75. Ka6 Rg8 76. Nc8+ Kd5 77. Ne7+ 1-0

[Event "33rd ECCC Open 2017"]
[Site "Antalya"]
[Date "2017.10.12"]
[Round "5"]
[White "Hove, Esben Kjems"]
[Black "Cirovic, Miroljub"]
[Result "1-0"]
[ECO "A47"]
[WhiteElo "2337"]
[BlackElo "2095"]
[Annotator "NA"]
[PlyCount "82"]
[EventType "team-tourn"]
[EventCountry "TUR"]
[SourceTitle "playchess.com"]
[Source "ChessBase"]
[SourceQuality "1"]
[WhiteTeam "Nordkalotten"]
[BlackTeam "Elektroprivreda"]
[TimeControl "40/5400+30:1800+30"]

1. d4 Nf6 2. Nf3 e6 3. Bf4 c5 4. e3 cxd4 5. exd4 b6 6. Nbd2 Bb7 7. Bd3 Be7 8. h3 O-O 9. O-O d6 10. c3 Nbd7 {[%emt 0:03:00] A47: 1 d4 Nf6 2 Nf3 b6: Torre, London and Colle Systems} 11. Bh2 (11. Re1 Re8 12. Bh2 a6 13. a4 Nf8 14. Ng5 Qd7 15. Qe2 Bc6 16. Bxa6 Bxa4 17. Bd3 Bc6 18. Nc4 {1-0 (82) Giri,A (2755)-Tomashevsky,E (2731) Moscow 2016}) 11... Qc7 12. Re1 h6 $146 ({Predecessor:} 12... Rfe8 13. a4 a6 14. Rc1 Bf8 15. Nc4 Bc6 16. Nfd2 {½-½ (55) Maes,V (2118)-Lai,H (2334) Netherlands 2016}) 13. a4 a6 14. c4 Rfe8 15. a5 bxa5 16. Qa4 Bc6 17. Qxa5 Qb7 18. Qa3 d5 19. c5 a5 20. Qc3 Ne4 21. Qc2 Nxd2 22. Qxd2 Qb4 23. Bf4 Qxd2 24. Bxd2 Reb8 25. Bxa5 Rxb2 26. Bc7 Rba2 27. Rxa2 Rxa2 28. Rb1 Ra7 29. Bd6 Bxd6 $14 30. cxd6 f6 31. Rc1 Nb8 32. Bb5 Bxb5 33. Rc8+ Kf7 34. Rc7+ Nd7 35. Rxa7 g5 36. Rb7 Bc6 37. Rc7 Bb5 38. g4 Ke8 39. Ra7 e5 40. dxe5 fxe5 41. Nxe5 Nxe5 1-0

[Event "33rd ECCC Open 2017"]
[Site "Antalya"]
[Date "2017.10.12"]
[Round "5"]
[White "Lavendelis, Egons"]
[Black "Salo, Heikki"]
[Result "1/2-1/2"]
[ECO "C42"]
[WhiteElo "2274"]
[BlackElo "2228"]
[Annotator "NA"]
[PlyCount "120"]
[EventType "team-tourn"]
[EventCountry "TUR"]
[SourceTitle "playchess.com"]
[Source "ChessBase"]
[SourceQuality "1"]
[WhiteTeam "Riga"]
[BlackTeam "Etela-Vantaan"]
[TimeControl "40/5400+30:1800+30"]

1. e4 e5 2. Nf3 Nf6 3. Nxe5 d6 4. Nf3 Nxe4 5. Bd3 Nf6 6. O-O Be7 7. h3 O-O 8. c3 {[%emt 0:00:30] C42: Petroff Defence: 3 Nxe5 and unusual White 3rd moves} b6 9. Bc2 Bb7 10. d4 Nbd7 11. Re1 (11. Nbd2 Re8 12. Nc4 a5 13. Ne3 g6 {0-1 (68) Short,N (2698)-Wang,Y (2691) Poikovsky 2012}) 11... Re8 12. Bg5 Nf8 13. Nbd2 N6d7 $146 ({Predecessor:} 13... Ng6 14. Ba4 Nd7 15. Be3 a6 {0-1 (53) Carlsen,M (2567)-Lagno,K (2472) Lausanne 2004}) 14. Be3 a6 15. Nf1 Bf6 16. N3h2 b5 17. Ng4 Bh4 18. b3 Nf6 19. g3 Nxg4 20. Qxg4 Bf6 21. Kh2 Qd7 22. Qxd7 Nxd7 23. Rac1 Nb6 24. c4 b4 25. Nd2 g6 26. d5 Nd7 27. Ne4 Bg7 28. f4 a5 29. g4 Re7 30. Bf2 Rae8 31. Ng3 Bc3 32. Rxe7 Rxe7 33. Ne4 Bb2 34. Rb1 Bg7 35. Re1 Nf6 36. Bh4 Kf8 37. f5 gxf5 38. Nxf6 Bxf6 39. Rxe7 Bxe7 40. Bxe7+ Kxe7 41. Bxf5 h6 42. Kg3 Kf6 43. Kf4 c6 {[%emt 0:00:00] [#]} 44. dxc6 (44. c5 $1 $16 Ke7 45. dxc6 Bxc6 46. cxd6+ Kxd6 47. Bd3) 44... Bxc6 45. h4 Bb7 46. g5+ hxg5+ 47. hxg5+ Ke7 48. Ke3 $11 Ba6 49. Kd4 Bb7 50. c5 Bc6 51. Bh7 Bf3 52. Bg8 dxc5+ 53. Kxc5 Be4 54. Kb5 Bb1 55. Kxa5 Bxa2 56. Kxb4 Bb1 57. Kc4 Kf8 58. Bxf7 Kxf7 59. b4 Be4 60. Kd4 Bb7 1/2-1/2

[Event "33rd ECCC Open 2017"]
[Site "Antalya"]
[Date "2017.10.12"]
[Round "5"]
[White "Johannesson, Oliver"]
[Black "Longson, Alexander"]
[Result "1/2-1/2"]
[ECO "D29"]
[WhiteElo "2273"]
[BlackElo "2317"]
[Annotator "NA"]
[PlyCount "91"]
[EventType "team-tourn"]
[EventCountry "TUR"]
[SourceTitle "playchess.com"]
[Source "ChessBase"]
[SourceQuality "1"]
[WhiteTeam "Fjolnir"]
[BlackTeam "3CS Oldham"]
[TimeControl "40/5400+30:1800+30"]

1. d4 d5 2. c4 dxc4 3. Nf3 Nf6 4. e3 e6 5. Bxc4 c5 6. O-O a6 7. Qe2 b5 8. Bb3 Bb7 9. Rd1 Nbd7 10. a4 b4 11. a5 Be7 12. Nbd2 O-O 13. Nc4 Qc7 14. Bd2 {[%emt 0:11:30] D29: Queen's Gambit Accepted: Classical main line: 7 Qe2 with early ...Nbd7} Bd5 15. Rac1 Qb7 16. Be1 Rfc8 {[%emt 0:13:30] [#]} 17. Ncd2 $146 ({Predecessor:} 17. Ba4 Rc7 18. Nce5 Nxe5 19. Nxe5 Rac8 20. Nf3 cxd4 21. Rxc7 Qxc7 22. Qxa6 {0-1 (40) Degerman,L (2503)-Jonkman,H (2410) Andorra 2001}) 17... Bc6 18. Bc4 cxd4 19. Nxd4 (19. exd4 $11 Nd5 20. g3) 19... Bxg2 20. Bxa6 Rxa6 21. Rxc8+ Qxc8 22. Kxg2 Rxa5 23. N2b3 Qb7+ 24. f3 Ra2 25. Rc1 Nd5 26. Rc2 g6 27. Bf2 Ne5 28. Kf1 Qa6 29. Qxa6 Rxa6 30. Ke2 Ra2 31. Bg3 Bf6 32. Nc5 h6 33. e4 Nb6 34. b3 Ra1 35. Be1 Nbd7 36. Na4 g5 37. Bxb4 Ng6 38. Bc3 Nf4+ 39. Ke3 Rb1 40. b4 Ne5 41. Nb2 Nd7 42. Nc4 Rd1 43. Nb2 Rb1 $11 44. Nc4 Rd1 45. Bd2 Rh1 46. Bc3 1/2-1/2

[Event "33rd ECCC Open 2017"]
[Site "Antalya"]
[Date "2017.10.12"]
[Round "5"]
[White "Thorarinsson, Pall A"]
[Black "Makolli, Perparim"]
[Result "1-0"]
[ECO "A33"]
[WhiteElo "2273"]
[BlackElo "2333"]
[Annotator "NA"]
[PlyCount "55"]
[EventType "team-tourn"]
[EventCountry "TUR"]
[SourceTitle "playchess.com"]
[Source "ChessBase"]
[SourceQuality "1"]
[WhiteTeam "Viking"]
[BlackTeam "Hasan Pristina"]
[TimeControl "40/5400+30:1800+30"]

1. c4 c5 2. Nf3 Nc6 3. d4 cxd4 4. Nxd4 Nf6 5. Nc3 e6 6. Ndb5 d6 7. Bf4 e5 8. Bg5 a6 9. Bxf6 gxf6 10. Na3 {[%emt 0:00:30] LiveBook: 61 Games} Be6 {[%emt 0:01:30] A33: Symmetrical English: 2 Nf3 Nf6 3 d4 cxd4 4 Nxd4 e6 5 Nc3 Nc6} (10... f5 11. Qd2 Be6 12. Rd1 Bg7 13. e3 O-O 14. Be2 Qa5 15. Nd5 Qxd2+ 16. Rxd2 e4 17. O-O Bxd5 18. cxd5 Ne5 {½-½ (35) Shimanov,A (2625)-Grigoryan,K (2595) Katowice 2014}) 11. g3 Qb6 12. Qd2 h5 13. Bg2 f5 (13... h4 $11) 14. Nd5 $146 ({Predecessor:} 14. Bd5 Bh6 15. e3 Ke7 16. O-O-O Rad8 17. Bf3 e4 18. Bxh5 {½-½ (46) Ollek,K (1690)-Szczepaniec,S (2072) Rowy 2003}) 14... Bxd5 15. cxd5 Nb8 16. Bh3 h4 17. Rc1 Nd7 18. Nc4 Qa7 $18 19. Bxf5 b5 20. Bxd7+ Kxd7 21. Ne3 hxg3 22. fxg3 Bh6 23. Rc3 f5 24. Qc2 Bxe3 25. Qxf5+ Ke7 26. Qe6+ Kf8 27. Rf1+ Kg7 28. Rxe3 1-0

[Event "33rd ECCC Open 2017"]
[Site "Antalya"]
[Date "2017.10.12"]
[Round "5"]
[White "Apaydin, Fethi"]
[Black "Nalbant, Tuna Onat"]
[Result "1/2-1/2"]
[ECO "B25"]
[WhiteElo "2262"]
[BlackElo "2034"]
[Annotator "NA"]
[PlyCount "120"]
[EventType "team-tourn"]
[EventCountry "TUR"]
[SourceTitle "playchess.com"]
[Source "ChessBase"]
[SourceQuality "1"]
[WhiteTeam "Besiktas"]
[BlackTeam "Karaman"]
[TimeControl "40/5400+30:1800+30"]

1. e4 c5 2. Nc3 Nc6 3. g3 g6 4. Bg2 Bg7 5. d3 d6 6. f4 e6 7. Nf3 Nge7 8. Be3 Nd4 9. O-O O-O 10. Rb1 Rb8 11. Ne2 Nxf3+ 12. Bxf3 b6 13. c4 {[%emt 0:20:30] B25: Closed Sicilian: 3 g3, lines without early Be3} d5 14. a3 Bb7 15. Qc2 $146 ({Predecessor:} 15. b4 d4 16. Bd2 Qd7 17. g4 f5 18. Ng3 Bc6 19. b5 Bb7 20. Qe2 Rbe8 {½-½ (20) Bastian,H (2375)-Kavalek,L (2560) Hannover 1983}) 15... d4 16. Bd2 f5 17. e5 Bxf3 18. Rxf3 Qd7 19. h4 b5 20. b4 bxc4 21. dxc4 Qc6 22. Rd3 Rfd8 23. Be1 Qe4 24. Bf2 a5 25. b5 a4 26. Re1 Qa8 27. Nc1 Nc8 28. Rdd1 Nb6 29. Nd3 Bf8 30. Rc1 Qf3 31. Rf1 h5 32. Be1 Qa8 33. Bd2 Rd7 34. Qd1 Ra7 35. Qe2 Qe4 36. Rfe1 Qxe2 37. Rxe2 Be7 38. Kg2 Kf7 39. Nb2 Bf8 40. Ree1 Ke8 41. Red1 Be7 42. Be1 Rd8 43. Nd3 Bf8 44. Bf2 Rc7 45. Ne1 Be7 46. Nf3 Rdc8 47. Rc2 Kf8 48. Be1 Ra7 49. Kf1 Ke8 50. Ke2 Kf8 51. Kd3 Ke8 52. Bd2 Kf8 53. Be1 Ke8 54. Kd2 Kf8 55. Kc1 Ke8 56. Kb2 Kf8 57. Ka2 Ke8 58. Rdc1 $14 Kf7 59. Bf2 Rac7 60. Rd1 Rd7 1/2-1/2

[Event "33rd ECCC Open 2017"]
[Site "Antalya"]
[Date "2017.10.12"]
[Round "5"]
[White "Aleksic, Nenad C"]
[Black "Kristensen, Kaare Hove"]
[Result "0-1"]
[ECO "D00"]
[WhiteElo "2261"]
[BlackElo "2331"]
[Annotator "NA"]
[PlyCount "46"]
[EventType "team-tourn"]
[EventCountry "TUR"]
[SourceTitle "playchess.com"]
[Source "ChessBase"]
[SourceQuality "1"]
[WhiteTeam "Elektroprivreda"]
[BlackTeam "Nordkalotten"]
[TimeControl "40/5400+30:1800+30"]

1. Nf3 d5 2. d4 Nf6 3. Bf4 c5 4. e3 Nc6 5. Be2 g6 6. O-O Bg7 7. Nc3 cxd4 8. exd4 O-O 9. Ne5 Nd7 {[%emt 0:09:30] D00: 1 d4 d5: Unusual lines} (9... Qb6 10. Nxc6 Qxc6 11. Be5 Bf5 12. Bd3 Bxd3 13. Qxd3 Rac8 14. a4 Ne4 15. Bxg7 Kxg7 16. Ra3 Nxc3 17. bxc3 b6 {0-1 (43) Bareev,E (2634)-Polgar,J (2680) Moscow 2009}) 10. Nxd5 Ndxe5 11. dxe5 Be6 12. Ne3 Nxe5 13. c3 Qc7 $146 ({Predecessor:} 13... Qxd1 14. Rfxd1 Rfd8 15. b3 Nc6 16. Rac1 Rxd1+ 17. Nxd1 {0-1 (53) Alsheimer,C (2214)-Hilverda,A (2219) Bayern 2013}) 14. Qc2 Qc6 15. Rfd1 Rfd8 16. Rxd8+ Rxd8 17. Rd1 Rc8 18. b3 b5 19. Qd2 Qe4 20. Bxe5 Qxe5 21. c4 bxc4 22. Bxc4 Bh6 23. Ng4 $19 (23. Bxe6 $11 {und Weiss steht sicher.} Qxe6 24. Re1) 23... Bxg4 0-1

[Event "33rd ECCC Open 2017"]
[Site "Antalya"]
[Date "2017.10.12"]
[Round "5"]
[White "Dedebas, Emre Emin"]
[Black "Bryn, Askild"]
[Result "1/2-1/2"]
[ECO "D45"]
[WhiteElo "2253"]
[BlackElo "2060"]
[Annotator "NA"]
[PlyCount "112"]
[EventType "team-tourn"]
[EventCountry "TUR"]
[SourceTitle "playchess.com"]
[Source "ChessBase"]
[SourceQuality "1"]
[WhiteTeam "Oslo"]
[BlackTeam "Valerenga"]
[TimeControl "40/5400+30:1800+30"]

1. Nf3 d5 2. d4 Nf6 3. c4 e6 4. Nc3 c6 5. e3 Be7 6. b3 Qa5 {[%emt 0:04:00] D45: Semi-Slav: 5 e3} (6... O-O 7. Bd3 Nbd7 8. O-O b6 9. Qe2 Bb7 10. Rd1 Re8 11. e4 dxe4 12. Nxe4 c5 13. Bb2 Qc7 14. dxc5 bxc5 15. Rd2 Qf4 16. Rad1 Nxe4 17. Bxe4 Qxe4 18. Qxe4 Bxe4 19. Rxd7 {½-½ (59) Narciso Dublan,M (2525)-Zambrana,O (2458) La Massana 2008}) 7. Bd2 Bb4 8. Qc2 Nbd7 9. Bd3 e5 $146 ({Predecessor:} 9... O-O 10. O-O dxc4 11. bxc4 b5 12. a3 bxc4 13. Bxc4 Bxc3 14. Bxc3 Qh5 15. Be2 {1-0 (31) Ondrejat,M (2048)-Krasny,D (1897) Rakovnik 2011}) 10. dxe5 dxc4 11. exf6 cxd3 12. fxg7 Rg8 13. Qxd3 Rxg7 14. Ne4 Nc5 15. Nxc5 Bxd2+ 16. Qxd2 Qxc5 17. g3 Bg4 18. Qd4 Qxd4 19. Nxd4 c5 20. h3 Bd7 21. Nc2 Bc6 22. O-O f5 23. Rfd1 Bf3 24. Rd2 Rd8 25. Rxd8+ Kxd8 26. Ne1 Be2 27. Rc1 b6 28. Rc2 Ba6 29. Rd2+ Kc7 30. Rd5 Rf7 31. f4 Bb7 32. Rd2 a5 33. Kf2 h5 34. Nf3 Rf8 35. Ne5 Bc8 36. Kf3 Bb7+ 37. Ke2 Bc8 38. Nf3 Bd7 39. Ng5 a4 40. Kd3 axb3 41. axb3 Ra8 42. Kc3 Ra1 43. Nh7 Be6 44. Nf6 Rb1 45. Rb2 Re1 46. Kd3 Rh1 47. g4 hxg4 48. hxg4 fxg4 49. Ke4 $1 g3 50. Rg2 Rh3 51. b4 cxb4 52. Nd5+ Kd6 53. Nxb4 $11 Bc8 54. Kf3 Bb7+ 55. e4 Kc5 56. Nd5 Bxd5 1/2-1/2

[Event "33rd ECCC Open 2017"]
[Site "Antalya"]
[Date "2017.10.12"]
[Round "5"]
[White "Bednarich, Jan"]
[Black "Gantner, Matthias"]
[Result "0-1"]
[ECO "B52"]
[WhiteElo "2224"]
[BlackElo "2324"]
[Annotator "NA"]
[PlyCount "70"]
[EventType "team-tourn"]
[EventCountry "TUR"]
[SourceTitle "playchess.com"]
[Source "ChessBase"]
[SourceQuality "1"]
[WhiteTeam "Bonnevoie"]
[BlackTeam "White Rose"]
[TimeControl "40/5400+30:1800+30"]

1. e4 c5 2. Nf3 d6 3. Bb5+ Bd7 4. Bxd7+ Qxd7 5. O-O Nc6 6. Re1 Nf6 7. c3 e6 8. d4 d5 9. e5 Ne4 10. Nbd2 Nxd2 11. Bxd2 cxd4 12. cxd4 Be7 13. Re3 {[%emt 0:01:00] B52: Sizilianisch (Rossolimo-Variante)} (13. h4 Rc8 14. h5 h6 15. Re3 O-O 16. Qe2 Qc7 17. Bc3 Bb4 18. Nh2 Bxc3 19. bxc3 Ne7 20. g4 Qa5 {½-½ (31) Bartel,M (2646)-Dragun,K (2609) Trzcianka 2016}) 13... O-O 14. Rd3 Rac8 15. Ng5 f6 $146 ({Vorgänger:} 15... h6 16. Nh3 f6 17. exf6 Bxf6 18. Qg4 Kh7 19. Re1 Rce8 20. Bc3 Qf7 {½-½ (35) Lukovic,V (1898)-Andersen,M (2070) Sibenik 2007}) 16. exf6 Bxf6 17. Nf3 g6 18. Qe2 Bg7 19. Bc3 Nd8 20. Re1 Qa4 21. a3 Rc6 $14 22. Bb4 Rf4 23. Re3 Qc2 24. g3 Rf5 25. Be7 Qxe2 26. R1xe2 Rc1+ 27. Kg2 Nc6 28. Bc5 e5 29. g4 Rf7 30. Bd6 Rxf3 31. Rxf3 Nxd4 32. Rd2 Rg1+ 33. Kh3 Nxf3 34. Rxd5 h5 35. gxh5 g5 0-1

[Event "33rd ECCC Open 2017"]
[Site "Antalya"]
[Date "2017.10.12"]
[Round "5"]
[White "Alava, Mikko"]
[Black "Reimanis, Ritvars"]
[Result "0-1"]
[ECO "B50"]
[WhiteElo "2212"]
[BlackElo "2294"]
[Annotator "NA"]
[PlyCount "82"]
[EventType "team-tourn"]
[EventCountry "TUR"]
[SourceTitle "playchess.com"]
[Source "ChessBase"]
[SourceQuality "1"]
[WhiteTeam "Etela-Vantaan"]
[BlackTeam "Riga"]
[TimeControl "40/5400+30:1800+30"]

1. e4 c5 2. Nf3 Nc6 3. b3 d6 4. Bb5 Bd7 5. O-O {[%emt 0:00:00] B50: Sicilian: 2...d6, Miscellaneous} a6 (5... Nf6 6. d3 g6 7. Bb2 Bg7 8. Nbd2 O-O 9. a4 e5 10. Nc4 a6 11. Bxc6 Bxc6 12. a5 Nh5 13. Nb6 Rb8 14. c4 f5 15. Nd5 Qd7 16. Nd2 fxe4 17. dxe4 {1-0 (76) Andreikin,D (2708)-Artemiev,V (2692) Sochi 2017}) 6. Be2 Nf6 $146 ({Predecessor:} 6... e5 7. Bb2 f5 8. d3 Nf6 9. Nbd2 Be7 10. c3 fxe4 11. dxe4 O-O 12. Nc4 Nxe4 {1-0 (22) Dembo,Y-Ovezova,M Szeged 1994}) 7. d3 g6 8. Bb2 Bg7 9. Nc3 O-O 10. Nd5 e6 11. Nxf6+ Bxf6 12. Bxf6 Qxf6 13. Qd2 b5 14. Rfd1 e5 15. c3 b4 16. cxb4 Nxb4 17. a3 Nc6 18. b4 Bg4 19. bxc5 Bxf3 20. Bxf3 Nd4 21. Rab1 dxc5 22. Qe3 Rab8 23. Rdc1 Rb6 24. Rxb6 Qxb6 25. Qd2 Rb8 26. Qc3 Qd6 27. Bd1 Rb3 28. Qc4 Rxa3 29. Rb1 Ra5 30. Bb3 (30. g3 $17) 30... Nxb3 31. Qxb3 Rb5 32. Qc2 Qb6 33. Rc1 Rb2 34. Qc3 Rb1 35. g3 $19 (35. Rf1 {was worth a try.}) 35... Rxc1+ 36. Qxc1 Kg7 37. Qc3 Qd6 38. Qc4 a5 39. Qb5 a4 40. Qxa4 Qxd3 41. Qe8 Qb1+ 0-1

[Event "33rd ECCC Open 2017"]
[Site "Antalya"]
[Date "2017.10.12"]
[Round "5"]
[White "Vea, Odin Blikra"]
[Black "Persson, Mats"]
[Result "0-1"]
[ECO "C54"]
[WhiteElo "2211"]
[BlackElo "2292"]
[Annotator "NA"]
[PlyCount "116"]
[EventType "team-tourn"]
[EventCountry "TUR"]
[SourceTitle "playchess.com"]
[Source "ChessBase"]
[SourceQuality "1"]
[WhiteTeam "Valerenga"]
[BlackTeam "Oslo"]
[TimeControl "40/5400+30:1800+30"]

1. e4 e5 2. Nf3 Nc6 3. Bc4 Bc5 4. c3 Nf6 5. d4 exd4 6. cxd4 Bb4+ 7. Nbd2 {[%emt 0:00:00] C54: Giuoco Piano: 4 c3 Nf6, main lines with 5 d4 and 5 d3} (7. Bd2 Bxd2+ 8. Nbxd2 d5 9. exd5 Nxd5 10. O-O O-O 11. Rc1 Nb6 12. Bb3 a5 13. a3 a4 14. Ba2 Nxd4 15. Nxd4 Qxd4 16. Rxc7 Qxb2 17. Nc4 Nxc4 18. Bxc4 Qf6 19. Re1 {½-½ (30) Ma,Q (2637)-Wei,Y (2728) Beijing 2017}) 7... Nxe4 8. d5 Nxd2 9. Bxd2 Bxd2+ 10. Qxd2 Ne7 11. d6 cxd6 12. O-O O-O 13. Qxd6 Nf5 14. Qd2 $146 ({Predecessor:} 14. Qf4 d6 {1-0 (36) Simacek,P (2454)-Sosna,J (2340) Czech Republic 2016}) 14... d6 15. Bd5 Rb8 16. Rfe1 Bd7 17. Rac1 h6 18. Qd3 a6 19. Rc3 Ne7 20. Bb3 Bf5 21. Qe3 Nc6 22. Qf4 Qd7 23. g4 Bxg4 24. Nh4 Rbe8 25. Rxe8 Rxe8 26. Rg3 Re1+ 27. Kg2 Ne5 28. h3 g5 29. Rxg4 Nxg4 30. Qd2 Re7 31. Ng6 Re6 32. Bxe6 Qxe6 33. hxg4 Qxg4+ 34. Kf1 Qh3+ 35. Kg1 Qg4+ 36. Kf1 Qc4+ 37. Kg1 fxg6 38. b3 Qg4+ 39. Kf1 Qd7 40. Qd5+ Kh7 41. a4 g4 42. Kg1 h5 43. Kf1 Qc7 44. Qe6 Kg7 45. Kg1 Qd8 46. Kf1 d5 47. Ke2 Kh6 48. Qf7 b6 49. Kd3 $19 Qd6 50. Qg8 Kg5 51. Qc8 a5 52. Qe8 d4 53. b4 axb4 54. Qb5+ Kh4 55. a5 bxa5 56. Qxa5 Qf6 57. Qa2 Qf4 58. Ke2 Qf3+ 0-1